 Dungeon Crawl Stone Soup version 0.19.4-8-ga85b6b9 (webtiles) character file.

170 Jerry the Chucker (level 5, 0/54 HPs)
             Began as an Ogre Hunter on Feb 11, 2017.
             Killed from afar by an orc wizard (11 damage)
             ... with a magic dart
             ... on level 3 of the Dungeon.
             The game lasted 00:05:35 (3268 turns).

Jerry the Chucker (Ogre Hunter)                     Turns: 3268, Time: 00:05:36

Health: 0/54       AC:  3    Str: 17    XL:     5   Next: 51%
Magic:  5/5        EV: 10    Int: 10    God:
Gold:   92         SH:  0    Dex: 11    Spells: 0 memorised, 4 levels left

rFire  . . .     SeeInvis .     h - +0 whip
rCold  . . .     Gourm    .     b - +0 robe
rNeg   . . .     Faith    .     (no shield)
rPois  .         Spirit   .     (helmet restricted)
rElec  .         Reflect  .     (no cloak)
rCorr  .         Harm     .     (gloves unavailable)
MR     .....                    (boots unavailable)
Stlth  +.........               (no amulet)
                                (no ring)
                                (no ring)

@: no status effects
A: unfitting armour, tough skin 1
a: no special abilities


You were on level 3 of the Dungeon.
You were not hungry.

You visited 1 branch of the dungeon, and saw 3 of its levels.

You collected 92 gold pieces.

Inventory:

Hand Weapons
 a - a +0 short sword
 h - a +0 whip (weapon)
Missiles
 c - 2 large rocks (quivered)
 d - 2 throwing nets
Armour
 b - a +0 robe (worn)
Scrolls
 g - a scroll of noise {unknown}
 i - 2 scrolls of identify {unknown}
 k - a scroll of recharging {unknown}
 m - a scroll of random uselessness {unknown}
 o - a scroll of teleportation {unknown}
 q - 2 scrolls of magic mapping {unknown}
 r - a scroll of immolation {unknown}
 t - a scroll of amnesia {unknown}
Potions
 e - a potion of agility {unknown}
 n - a potion of curing {unknown}
 u - a potion of invisibility {unknown}
Comestibles
 f - 2 bread rations
 j - a slice of pizza
 l - 4 chunks of flesh
 p - a beef jerky
 s - 5 fruits


   Skills:
 + Level 4.0 Fighting
 * Level 3.9 Maces & Flails
 - Level 4.0 Throwing
 + Level 1.6 Armour
 + Level 2.8 Dodging
 - Level 0.6 Stealth


You had 4 spell levels left.
You didn't know any spells.

Dungeon Overview and Level Annotations

Branches:
Dungeon (3/15)

Altars:
Cheibriados
Vehumet
Xom


Innate Abilities, Weirdness & Mutations

You are too large for most types of armour.
You have tough skin. (AC +1)


Message History

Aim: an adder You throw a large rock.
A magic dart appears from out of thin air!
The magic dart hits you!
* * * LOW HITPOINT WARNING * * *
Throwing (i - inventory. (,) - cycle):
c - 4 large rocks (quivered)
Press: ? - help, Shift-Dir - straight line, f/p - adder
Aim: an adder You throw a large rock.
The large rock misses the adder.
The large rock hits the orc!
You kill the orc!
Throwing (i - inventory. (,) - cycle):
c - 3 large rocks (quivered)
Press: ? - help, Shift-Dir - straight line, f/p - adder
Aim: an adder You throw a large rock.
The large rock misses the adder.
You hear some strange, mumbled words.
Something tries to affect you, but you resist.
A magic dart appears from out of thin air!
The magic dart hits you!
You die...

########
#......###########
#.####......>.....
#@# #############
#.# ######### #.#
#........ #{#
#.####### #S# #.#
# #.# #.# # #.#
#.# # ##(# #.# #
######o.# ### #.#
#


You could see an adder.

Vanquished Creatures
  The ghost of Jerry the Skirmisher, a weakling OgHu (D:3)
  An orc priest (D:3)
  2 adders
  An ooze (D:1)
  A worm (D:2)
  2 dart slugs
  A leopard gecko (D:1)
  5 orcs (D:3)
  6 bats
  3 giant cockroaches (D:2)
  6 goblins
  6 hobgoblins
  3 quokkas
  A ball python (D:2)
  4 frilled lizards
  6 kobolds
  5 rats
54 creatures vanquished.

Vanquished Creatures (others)
  A bat (D:1)
1 creature vanquished.

Grand Total: 55 creatures vanquished

Notes
Turn   | Place    | Note
-------+----------+-------------------------------------------
     0 | D:1      | Jerry the Ogre Hunter began the quest for the Orb.
     0 | D:1      | Reached XP level 1. HP: 22/22 MP: 1/1
   225 | D:1      | Reached XP level 2. HP: 21/31 MP: 2/2
   226 | D:1      | Reached skill level 1 in Maces & Flails
  1088 | D:1      | Reached XP level 3. HP: 36/37 MP: 3/3
  1337 | D:2      | Found a faded altar of an unknown god.
  1337 | D:2      | Found a radiant altar of Vehumet.
  1380 | D:2      | Found a shimmering altar of Xom.
  1382 | D:2      | Found a faded altar of an unknown god.
  1384 | D:2      | Found a faded altar of an unknown god.
  2228 | D:2      | Reached skill level 1 in Armour
  2603 | D:2      | Reached XP level 4. HP: 45/45 MP: 4/4
  2774 | D:3      | Noticed Jerry's ghost (weakling OgHu)
  2815 | D:3      | Killed Jerry's ghost
  2828 | D:3      | Reached XP level 5. HP: 36/54 MP: 5/5
  3113 | D:3      | Found a snail-covered altar of Cheibriados.
  3268 | D:3      | Killed from afar by an orc wizard

Skill      XL: |  1  2  3  4  5 |
---------------+----------------+-----
Fighting       | 3 4 |  4.0
Dodging        | 2 |  2.8
Maces & Flails | 2 3 |  3.9
Armour         | 1 |  1.6
Throwing       | |  4.0
Stealth        | |  0.6

Action                   |  1- 3 |  4- 6 || total
-------------------------+-------+-------++-------
Melee: Short sword       |    19 |       ||    19
       Whip              |   154 |   127 ||   281
Throw: Large rock        |       |     3 ||     3
  Use: Potion            |       |     1 ||     1
 Stab: Sleeping          |     1 |     1 ||     2
       Distracted        |     1 |       ||     1
  Eat: Chunk             |     5 |     3 ||     8
Armor: Robe              |    40 |    23 ||    63
       Skin              |       |    26 ||    26
Dodge: Dodged            |   116 |    50 ||   166
